 Dungeon Crawl Stone Soup version 0.19.0-2-gae57169 (webtiles) character file.

179 Gingerlord the Insei (level 5, -1/38 HPs)
             Began as a Human Wanderer on Nov 7, 2016.
             Slain by a gnoll
             ... wielding a +0 spear
              (7 damage)
             ... on level 3 of the Dungeon.
             The game lasted 00:07:43 (4293 turns).

Gingerlord the Insei (Human Wanderer)               Turns: 4293, Time: 00:07:43

Health: -1/38      AC:  7    Str: 12    XL:     5   Next: 90%
Magic:  5/5        EV:  5    Int: 13    God:
Gold:   28         SH:  0    Dex: 13    Spells: 0 memorised, 4 levels left

rFire  . . .     SeeInvis .     i - +0 trident
rCold  . . .     Gourm    .     b - +0 scale mail
rNeg   . . .     Faith    .     (no shield)
rPois  .         Spirit   .     (no helmet)
rElec  .         Reflect  .     (no cloak)
rCorr  .         Harm     .     g - +0 pair of gloves
MR     .....                    (no boots)
Stlth  +.........               (no amulet)
                                (no ring)
                                (no ring)

@: held
A: no striking features
a: no special abilities


You were on level 3 of the Dungeon.
You were not hungry.

You visited 1 branch of the dungeon, and saw 4 of its levels.

You collected 28 gold pieces.

Inventory:

Hand Weapons
 d - a +0 spear
 i - a +0 trident (weapon)
Armour
 b - a +0 scale mail (worn)
 g - a +0 pair of gloves (worn)
 m - a +0 chain mail
Wands
 e - a wand of acid (5/15)
 o - a wand of flame (26/48)
Scrolls
 h - 6 scrolls of identify {unknown}
 k - a scroll of enchant weapon {unknown}
 q - a scroll of amnesia {unknown}
Potions
 c - a potion of lignification {unknown}
 l - a potion of invisibility {unknown}
 n - 2 potions of might {unknown}
 p - a potion of degeneration {unknown}
Comestibles
 a - a slice of pizza
 f - a bread ration
 j - a beef jerky


   Skills:
 + Level 2.0 Fighting
 + Level 1.9 Polearms
 + Level 2.2 Throwing
 + Level 1.7 Armour
 + Level 2.3 Dodging
 - Level 2.1 Stealth
   Level 1.0 Shields
 - Level 4.4 Unarmed Combat


You had 4 spell levels left.
You didn't know any spells.

Dungeon Overview and Level Annotations

Branches:
Dungeon (4/15)
 Temple: D:4-7

Altars:
Elyvilon
Vehumet

Annotations:
D:4 Blork the orc


Message History

You see here a throwing net.
You tear a large gash into the net.
You struggle against the net.
The gnoll hits you from afar with a spear.
You struggle against the net.
The gnoll hits you but does no damage.
You shred the net and break free! The gnoll hits you but does no damage.
The gnoll barely misses you. The gnoll hits you but does no damage.
The gnoll hits you but does no damage.
The gnoll throws a throwing net.
The throwing net hits you.
You become entangled in the net!
There is a stone staircase leading up here.
You see here a throwing net.
You can't do that while held in a net.
You struggle against the net.
The gnoll hits you from afar with a spear!
* * * LOW HITPOINT WARNING * * *
You tear a large gash into the net.
The gnoll hits you from afar with a spear!
You die...

##'##.###.## ##.........)#
#...........# ##### #...........#
#...# ##...8.......# #...#
....8.8...###################...#
...8._.8....................'....
....8.8...#......##..#######.....
#....8....'.....@'...............
#........##......#.#.#.#.#.#.#...
#..............gg#..............#
#........##.......#.#.#.#.#.#.#..
#........##.#####...............#
#........##......#.#.#.#.#.#.#.#.
.................................
.........######.#.#.#.#.#.#.#.#.#
..###.....# ##..................


You could see 2 gnolls.

Vanquished Creatures
  An orc wizard (D:3)
  2 gnolls (D:3)
  2 adders
  2 oozes (D:1)
  3 worms
  3 dart slugs
  4 leopard geckos
  8 orcs (D:3)
  2 bats (D:1)
  6 giant cockroaches
  8 goblins
  6 hobgoblins
  10 jackals
  4 frilled lizards
  9 kobolds
  9 rats
79 creatures vanquished.

Notes
Turn   | Place    | Note
-------+----------+-------------------------------------------
     0 | D:1      | Gingerlord the Human Wanderer began the quest for the Orb.
     0 | D:1      | Gingerlord set off with: a +2 dagger, a potion of heal wounds, a potion of curing, a +0 spear, a +0 robe, a bread ration
     0 | D:1      | Reached XP level 1. HP: 13/13 MP: 1/1
    38 | D:1      | Reached XP level 2. HP: 16/19 MP: 2/2
   346 | D:1      | You fall through a shaft!
   405 | D:2      | Reached XP level 3. HP: 25/25 MP: 3/3
   648 | D:1      | Reached skill level 1 in Fighting
   777 | D:1      | Reached XP level 4. HP: 23/32 MP: 4/4
  1764 | D:2      | You fall through a shaft!
  1857 | D:3      | Found a faded altar of an unknown god.
  1876 | D:3      | Reached skill level 1 in Armour
  2341 | D:4      | Found a radiant altar of Vehumet.
  2428 | D:4      | Noticed an ogre
  2448 | D:4      | Noticed Blork the orc
  3119 | D:3      | Reached XP level 5. HP: 32/38 MP: 5/5
  3646 | D:3      | Found a white marble altar of Elyvilon.
  4293 | D:3      | Slain by a gnoll

Skill      XL: |  1  2  3  4  5 |
---------------+----------------+-----
Fighting       | 1 2 |  2.0
Armour         | 1 |  1.7
Throwing       | 2 |  2.2
Dodging        | 2 |  2.3
Polearms       | |  1.9
Stealth        | |  2.1
Shields        | |  1.0
Unarmed Combat | |  4.4

Action                   |  1- 3 |  4- 6 || total
-------------------------+-------+-------++-------
Melee: Spear             |   107 |   104 ||   211
       Trident           |       |   148 ||   148
       Punch             |       |     2 ||     2
Evoke: Wand              |       |     2 ||     2
  Use: Scroll            |       |     2 ||     2
       Potion            |       |     2 ||     2
 Stab: Sleeping          |     5 |     5 ||    10
  Eat: Bread ration      |       |     2 ||     2
       Chunk             |       |     2 ||     2
Armor: Robe              |    28 |    22 ||    50
       Scale mail        |       |    54 ||    54
Dodge: Dodged            |    37 |   121 ||   158
